AoeStats
← bs-32

Oasis

510187648Analyzed
2v2 RM · 3d ago on Sep 29, 2026· 60m 44s· 4 players
Game mode
Random Map
Map size
Medium (4 player)
Population
200
Speed
Normal
Resources
Standard
Victory
Conquest
Starting age
Dark Age
Ending age
Imperial Age
RankedLock teamsTeams togetherTeam positionsShared explorationLock speedFull tech treeHidden civsTurbo modeCheats
Victory
Defeat
🇫🇷 Britons · France
588
+9
🇮🇹 Burgundians · Italy
493
+13
🇺🇾 Italians · Uruguay
456
-12
🇺🇾 Persians · Uruguay
390
-10
alexisguedon
10:49 Feudal Age
13:36 Double-Bit Axe
15:40 Horse Collar
20:09 Castle Age
23:06 Bow Saw
22:59 Heavy Plow
24:36 Padded Archer Armor
24:52 Fletching
25:24 Crossbowman
26:27 Bodkin Arrow
27:28 Loom
28:19 Wheelbarrow
27:33 Town Watch
28:37 Leather Archer Armor
34:23 Heated Shot
34:54 Ballistics
39:24 Imperial Age
36:56 Murder Holes
38:05 Hand Cart
37:55 Town Patrol
40:00 Arbalester
41:02 Bracer
41:33 Ring Archer Armor
42:48 Capped Ram
51:30 Pikeman
52:27 Halberdier
53:21 Elite Longbowman
54:35 Squires
59:59 Hoardings
bs-32
7:04 Double-Bit Axe
12:27 Feudal Age
21:38 Castle Age
23:35 Crossbowman
25:12 Bow Saw
24:51 Horse Collar
26:10 Gold Mining
33:16 Two-Man Saw
32:10 Stone Mining
32:56 Gold Shaft Mining
33:13 Forging
33:04 Scale Mail Armor
33:11 Scale Barding Armor
33:01 Fletching
33:13 Padded Archer Armor
33:51 Husbandry
35:38 Cavalier
38:39 Iron Casting
41:17 Stone Shaft Mining
44:22 Imperial Age
41:46 Town Watch
42:38 Wheelbarrow
41:49 Loom
45:40 Chain Mail Armor
45:46 Chain Barding Armor
46:27 Blast Furnace
45:46 Leather Archer Armor
45:27 Bodkin Arrow
45:52 Burgundian Vineyards
47:21 Hand Cart
47:08 Town Patrol
46:33 Elite Coustillier
47:41 Heavy Plow
47:13 Paladin
50:17 Plate Barding Armor
50:14 Plate Mail Armor
54:38 Bracer
54:20 Capped Ram
54:47 Man-at-Arms
56:16 Long Swordsman
DonGato
11:30 Feudal Age
16:09 Double-Bit Axe
18:52 Horse Collar
21:56 Loom
24:24 Castle Age
23:06 Fletching
23:28 Forging
23:19 Gold Mining
23:27 Arson
24:35 Padded Archer Armor
26:00 Bow Saw
28:57 Loom
34:48 Bodkin Arrow
35:30 Iron Casting
35:00 Scale Barding Armor
34:23 Pikeman
35:04 Squires
34:27 Elite Skirmisher
35:26 Stone Mining
37:55 Stone Shaft Mining
39:53 Imperial Age
38:36 Caravan
41:33 Wheelbarrow
42:03 Two-Man Saw
41:07 Heavy Plow
43:41 Crop Rotation
43:51 Gold Shaft Mining
43:42 Conscription
47:26 Leather Archer Armor
47:32 Chain Barding Armor
47:13 Scale Mail Armor
48:13 Blast Furnace
46:39 Cavalier
47:20 Husbandry
47:32 Bloodlines
46:43 Light Cavalry
46:57 Elite War Elephant
49:18 Onager
52:32 Ballistics
53:13 Chemistry
martiinniicolas21
13:36 Feudal Age
14:08 Double-Bit Axe
16:25 Horse Collar
21:01 Castle Age
23:30 Gold Mining
23:56 Bow Saw
23:49 Heavy Plow
27:35 Scale Mail Armor
35:56 Imperial Age
33:44 Husbandry
36:48 Chain Mail Armor
38:04 Padded Archer Armor
42:02 Fletching
44:57 Elite Skirmisher
45:43 Thumb Ring
48:18 Cavalier
50:24 Ballistics
51:05 Chemistry
51:38 Wheelbarrow
Connection lost

Rejoining the realm…

Still unreachable

The connection could not be restored.

Session expired

The server has moved on; the page needs a fresh start.